 Dungeon Crawl Stone Soup version 0.30-a0-54-g2e61a25929 (webtiles) character file.

Game seed: 12081283731230692636

7222 kae the Arsonist (level 10, 0/69 HPs)
             Began as a Demigod Fire Elementalist on Sept 7, 2022.
             Slain by Pikel
             ... wielding a +0 whip of freezing
              (1 damage)
             ... on level 9 of the Dungeon on Sept 8, 2022.
             The game lasted 00:14:01 (11349 turns).

kae the Arsonist (Demigod Fire Elementalist)       Turns: 11349, Time: 00:14:02

Health: 0/69       AC:  5    Str:  9    XL:     10   Next: 57%
Magic:  5/23       EV: 12    Int: 29    God:
Gold:   414        SH:  0    Dex: 14    Spells: 8/21 levels left

rFire   + . .      SeeInvis .    a - +1 short sword (venom)
rCold   . . .      Faith    .    (no shield)
rNeg    . . .      Spirit   .    x - +0 steam dragon scales
rPois   .          Reflect  .    (no helmet)
rElec   .          Harm     .    (no cloak)
rCorr   .          Rampage  .    (no gloves)
Will    +....                    (no boots)
Stlth   ++........               g - amulet of regeneration
HPRegen 1.01/turn                F - ring of protection from fire
MPRegen 0.18/turn                (no ring)

@: marked
A: high MP 1, forlorn, divine attributes
a: no special abilities


You were on level 9 of the Dungeon.
You visited 1 branch of the dungeon, and saw 9 of its levels.
You also visited: Sewer and Bailey.

You collected 453 gold pieces.
You spent 39 gold pieces at shops.


Innate Abilities, Weirdness & Mutations

You have an increased reservoir of magic. (+10% MP)
You shall have no god before yourself.
Your divine heritage dramatically boosts your attributes as you level up.


   Skills:
 - Level 1.7 Dodging
 - Level 1.7 Stealth
 + Level 6.3 Spellcasting
 * Level 9.7 Conjurations
 - Level 3.0 Hexes
 * Level 9.9 Fire Magic


You had 8 spell levels left.
You knew the following spells:

 Your Spells              Type           Power      Damage    Failure   Level
a - Foxfire               Conj/Fire      100%       2x1d9     1%          1
b - Scorch                Fire           100%       2d10      1%          2
c - Conjure Flame         Conj/Fire      60%        6-21      1%          3
d - Inner Flame           Hex/Fire       46%        N/A       1%          3
e - Flame Wave            Conj/Fire      60%        2d14      1%          4

Your spell library contained the following spells:

 Spells                   Type           Power      Damage    Failure   Level
 Magic Dart               Conj           100%       1d8       1%          1
 Ensorcelled Hibernation  Hex/Ice        34%        N/A       4%          2
 Mephitic Cloud           Conj/Pois/Air  28%        N/A       4%          3
 Iskenderun's Mystic Bla  Conj/Tloc      37%        2d9       8%          4
 Blink                    Tloc           18%        N/A       9%          2
 Call Imp                 Summ           9%         N/A       9%          2
 Poisonous Vapours        Pois/Air       18%        N/A       9%          2
 Summon Guardian Golem    Hex/Summ       17%        N/A       9%          3
 Spider Form              Tmut/Pois      9%         N/A       16%         3
 Anguish                  Hex/Necr       8%         N/A       28%         4
 Corpse Rot               Necr/Pois/Air  9%         N/A       47%         4
 Summon Lightning Spire   Summ/Air       9%         N/A       47%         4
 Orb of Destruction       Conj           30%        9d10      65%         7
 Manifold Assault         Tloc           9%         N/A       83%         5
 Spellforged Servitor     Conj/Summ      18%        N/A       99%         7
 Dispersal                Tloc           4%         N/A       100%        6
 Storm Form               Tmut/Air       4%         N/A       100%        7
 Maxwell's Capacitive Co  Air            4%         ∞         100%        8
 Chain Lightning          Conj/Air       18%        3d24      100%        9
 Fire Storm               Conj/Fire      30%        8d8       100%        9
 Shatter                  Erth           4%         3d8*      100%        9

Inventory:

Hand Weapons
 a - a +1 short sword of venom (weapon)
   (You took it off Duvessa on level 7 of the Dungeon)
Missiles
 d - 71 stones
 i - 9 poisoned darts
 m - 2 atropa-tipped darts
 s - a curare-tipped dart {=f}
 E - 4 boomerangs
Armour
 x - +0 steam dragon scales (worn)
   (You found it on level 6 of the Dungeon)
Jewellery
 g - an amulet of regeneration (around neck)
   (You found it on level 1 of the Dungeon)
 A - an amulet of the acrobat
   (You found it on level 8 of the Dungeon)
 F - a ring of protection from fire (left hand)
   (You found it on level 1 of the Dungeon)
Wands
 r - a wand of mindburst (11)
   (You took it off an orc priest on level 7 of the Dungeon)
 w - a wand of paralysis (11)
   (You found it on level 6 of the Dungeon)
 y - a wand of digging (5)
   (You found it on level 7 of the Dungeon)
 B - a wand of iceblast (3)
   (You found it on level 8 of the Dungeon)
 H - a wand of flame (19)
   (You found it on level 8 of the Dungeon)
Scrolls
 f - 4 scrolls of amnesia
 h - a scroll of blinking {!r}
 k - 4 scrolls of teleportation {@r4}
 p - 3 scrolls of brand weapon
 q - a scroll of silence {!r}
 t - 6 scrolls of butterflies
 C - a scroll of enchant armour
 G - a scroll of identify {@r1}
 I - a scroll of summoning
 K - a scroll of magic mapping {!r}
Potions
 b - 2 potions of magic
 c - 5 potions of heal wounds {@q2}
 e - 2 potions of attraction {!q}
 j - 3 potions of degeneration {unknown}
 l - 4 potions of haste {@q3}
 n - 2 potions of invisibility {unknown}
 o - 2 potions of brilliance
 u - a potion of flight
 v - 2 potions of curing {@q1}
 z - a potion of cancellation
 D - 2 potions of might

Dungeon Overview and Level Annotations

Branches:
Dungeon (9/15) Zot: 25949  Temple (0/1) D:6             Orc (0/2) D:9
  Sewer (visited)          Bailey (visited)
   Lair: D:8-11

Shops:
D:4 (=(::   D:8 !

Annotations:
D:4 3 runed translucent doors, RNPValinor's ghost, amateur PaFi
D:7 1 runed translucent door, magipi's ghost, novice GnBe
D:8 1 runed translucent door, QuickerDeath's ghost, novice HuHu
D:9 exclusion: hornet, Pikel

#....... ..
#..@..###. #
##.....##.#
.###......##.#
..##......@.##
............##
..........##.##
.........####.####
........## ##.#@#
.......## ##K##
......## ###
..)...# #..†.##
##..## ###
##..##### #.#
#......######.#
###............##


You could see Pikel (combustible).


Message History

You feel very sick.
Harold hits you but does no damage. 😨 HP[-5] MP[-1]
You take 5 damage, and now have 48/103 hp.
You lost 1 mp, and now have 15/23 mp.
Casting: Scorch (safe; 1% risk of failure)
Confirm with . or Enter, or press ? or * to list all spells.
Flames lash Harold.
Harold is burned terribly!
You feel very sick. Harold hits you but does no damage.
You feel very sick.
Harold hits you with a +0 short sword of venom.
* * * LOW HITPOINT WARNING * * *
You are more poisoned. 😨 HP[-11] MP[-2]
You take 11 damage, and now have 37/103 hp.
You lost 2 mp, and now have 13/23 mp.
Casting: Scorch (safe; 1% risk of failure)
Confirm with . or Enter, or press ? or * to list all spells.
Flames lash Harold.
Harold is burned terribly!
You feel very sick.
Harold hits you with a +0 short sword of venom.
* * * LOW HITPOINT WARNING * * *
You feel very sick.
Harold points at you and mumbles some strange words.
The mark upon you grows brighter. 😨 HP[-10] MP[-2]
You take 10 damage, and now have 27/103 hp.
You lost 2 mp, and now have 11/23 mp.
Unknown command.
Casting: Scorch (safe; 1% risk of failure)
Confirm with . or Enter, or press ? or * to list all spells.
Flames lash Harold.
Harold is burned terribly!
You kill Harold!
Harold groans, "My... family..." and then collapses, dead.
You feel sick.
You feel sick. 😱 HP[-2] MP[-1]
You take 2 damage, and now have 25/103 hp.
You lost 1 mp, and now have 10/23 mp.
You start resting.
You feel sick. x5
Your transformation is almost over.
You feel sick. x2
You are no longer poisoned. 😱 HP[-1] MP[+1]
You take 1 damage, and now have 24/103 hp.
You start resting.
A wight comes into view. It is wielding a +0 spear. 😨 HP[+3]
You regained 3 hp, and now have 27/103 hp.
A wight is nearby!
Casting: Scorch (safe; 1% risk of failure)
Confirm with . or Enter, or press ? or * to list all spells.
Flames lash the wight.
The wight's fire resistance burns away.
The wight hits you but does no damage.
The wight hits you but does no damage. 😨 HP[+2] MP[-1]
You regained 2 hp, and now have 29/103 hp.
You lost 1 mp, and now have 10/23 mp.
Casting: Scorch (safe; 1% risk of failure)
Confirm with . or Enter, or press ? or * to list all spells.
Flames lash the wight.
The wight is burned terribly!
You destroy the wight! 😨 HP[+2] MP[-2]
You regained 2 hp, and now have 31/103 hp.
You lost 2 mp, and now have 8/23 mp.
Casting: Scorch (safe; 1% risk of failure)
Confirm with . or Enter, or press ? or * to list all spells.
You can't see any susceptible monsters within range! (Use Z to cast anyway.)
You start resting.
Pikel is nearby! 😨 HP[+2]
You regained 2 hp, and now have 33/103 hp.
Pikel is nearby!
Casting: Scorch (safe; 1% risk of failure)
Confirm with . or Enter, or press ? or * to list all spells.
Flames lash Pikel but do no damage.
You feel less wooden.
Your +0 steam dragon scales unmelds from your body.
Pikel hits you with a +0 whip of freezing.
* * * LOW HITPOINT WARNING * * *
Pikel freezes you.
* * * LOW HITPOINT WARNING * * *
Pikel hits you with a +0 whip of freezing!
* * * LOW HITPOINT WARNING * * *
Pikel freezes you.
* * * LOW HITPOINT WARNING * * *
😱 HP[-26] MP[-1]
You now have 69 max hp (-34).
You lost 1 mp, and now have 7/23 mp.
Casting: Scorch (safe; 1% risk of failure)
Confirm with . or Enter, or press ? or * to list all spells.
Flames lash Pikel.
Pikel's fire resistance burns away.
Pikel hits you with a +0 whip of freezing.
* * * LOW HITPOINT WARNING * * *
Pikel freezes you.
* * * LOW HITPOINT WARNING * * *
Pikel hits you with a +0 whip of freezing.
* * * LOW HITPOINT WARNING * * *
Pikel freezes you.
You die...

Skill      XL: |  1  2  3  4  5  6  7  8  9 10 |
---------------+-------------------------------+-----
Conjurations   | 1 2 3 4 5 7 8 9 |  9.7
Fire Magic     | 3 4 5 6 7 8 9 |  9.9
Spellcasting   | 2 3 4 5 6 |  6.3
Hexes          | 2 3 |  3.0
Dodging        | |  1.7
Stealth        | |  1.7

Action                   |  1- 3 |  4- 6 |  7- 9 | 10-12 || total
-------------------------+-------+-------+-------+-------++-------
Melee: Unarmed           |     3 |     1 |     1 |       ||     5
       Short sword       |       |       |     2 |     5 ||     7
 Cast: Foxfire           |    54 |   100 |   143 |    50 ||   347
       Scorch            |     6 |    29 |    58 |    46 ||   139
       Conjure Flame     |       |     1 |     5 |     2 ||     8
       Flame Wave        |       |       |     7 |     8 ||    15
       Inner Flame       |       |       |     1 |     1 ||     2
Evoke: Wand              |       |       |     2 |       ||     2
  Use: Scroll            |       |    10 |    13 |     1 ||    24
       Potion            |       |       |     2 |     1 ||     3
Armor: Robe              |     5 |     5 |    11 |       ||    21
       Steam dragon scal |       |       |    17 |    20 ||    37
       Skin              |       |       |       |     6 ||     6
Dodge: Dodged            |    17 |    45 |    81 |    29 ||   172

Levels and vault maps discovered:
D:1:      mainiacjoe_arrival_reflecting_pool, layout_basic,
          basic_ecumenical_altar
D:2:      layout_basic
D:3:      layout_loops_ring, nicolae_hepliaklqana_hippocampus,
          lexackson_kobold_supper
D:4:      cheibrodos_helix_gallery, layout_cave_pods, bloody_makhleb,
          ashenzari_altar_1, biasface_ghost_orc_armoury, serial_shops,
          kennysheep_mini_moat, nicolae_inconvenience_store,
          nicolae_shop_overgrown_old_shop, shop,
          nicolae_shop_bloodbath_and_beyond
D:5:      layout_basic, mainiacjoe_overflow_alcove_1, lemuel_blue_sif_altar,
          cheibrodos_sewer_entry_drain, hangedman_glass_teeth,
          minmay_misc_feat_doors
D:6:      layout_cave_pools, mainiacjoe_overflow_alcove_4,
          minmay_temple_entry_ruins, minmay_misc_feat_hallway
D:7:      cheibrodos_quashed, layout_loops_cross,
          mainiacjoe_overflow_concentric_impassable, gammafunk_ghost_grave,
          uniq_duvessa
D:8:      layout_rooms, nicolae_dithmenos_shadow_blocks,
          nicolae_ru_great_annihilating_truth, serial_shops,
          nicolae_lakefront_shop, gammafunk_ghost_grave
D:9:      layout_layer_cave, erik_lair_orcish_takeover, orc_0_dummy,
          enter_bailey_5, uniq_harold, uniq_erolcha, uniq_pikel

Notes
Turn   | Place    | Note
-------+----------+-------------------------------------------
     0 | D:1      | kae the Demigod Fire Elementalist began the quest for the
                  | Orb.
     0 | D:1      | Reached XP level 1. HP: 14/14 MP: 5/5
     0 | D:1      | magus.rc [v1.11.3]
    56 | D:1      | You pick up a book of Dreams and begin reading...
    56 | D:1      | You add the spells Ensorcelled Hibernation, Spider Form and
                  | Anguish to your library.
   199 | D:1      | Reached skill level 1 in Conjurations
   671 | D:1      | Reached skill level 3 in Fire Magic
   671 | D:1      | Reached XP level 2. HP: 12/20 MP: 0/7
   919 | D:1      | Reached skill level 2 in Spellcasting
   936 | D:1      | You pick up a book of Vapours and begin reading...
   936 | D:1      | You add the spells Poisonous Vapours and Corpse Rot to your
                  | library.
  1183 | D:1      | Learned a level 2 spell: Scorch
  1667 | D:2      | Reached XP level 3. HP: 26/26 MP: 4/8
  1675 | D:2      | Learned a level 3 spell: Conjure Flame
  1748 | D:2      | Reached skill level 2 in Conjurations
  2109 | D:3      | Reached XP level 4. HP: 33/33 MP: 4/10
  2473 | D:3      | You pick up a book of the Sky and begin reading...
  2473 | D:3      | You add the spells Summon Lightning Spire, Storm Form and
                  | Maxwell's Capacitive Coupling to your library.
  2506 | D:3      | Reached skill level 3 in Conjurations
  2604 | D:3      | Reached skill level 4 in Fire Magic
  2604 | D:3      | Reached XP level 5. HP: 38/38 MP: 6/11
  3845 | D:4      | Found Deesuets's Weapon Emporium.
  3933 | D:4      | Found Xyutz's Book Emporium.
  4007 | D:4      | Reached XP level 6. HP: 39/45 MP: 8/13
  4136 | D:4      | Found Isenett's Book Boutique.
  4268 | D:4      | Reached skill level 3 in Spellcasting
  4327 | D:4      | Found Giceomy's Jewellery Boutique.
  4358 | D:4      | Found Giunacrala's Antique Weapon Boutique.
  4446 | D:4      | Reached skill level 4 in Conjurations
  4556 | D:4      | Found a runed translucent gate.
  4556 | D:4      | Found a runed translucent gate.
  4556 | D:4      | Found a runed translucent gate.
  4557 | D:4      | Noticed RNPValinor's ghost (amateur PaFi)
  5009 | D:5      | Entered Level 5 of the Dungeon
  5130 | D:5      | Reached skill level 5 in Fire Magic
  5149 | D:5      | Found a glowing drain.
  5223 | Sewer    | Entered a sewer
  5373 | D:5      | Reached XP level 7. HP: 35/50 MP: 9/15
  5498 | D:5      | You add the spells Blink, Iskenderun's Mystic Blast,
                  | Manifold Assault and Dispersal to your library.
  5498 | D:5      | Got Sif Muna's Writings on Superposition
  5624 | D:5      | Reached skill level 5 in Conjurations
  6107 | D:6      | Learned a level 3 spell: Inner Flame
  6112 | D:6      | Learned a level 4 spell: Flame Wave
  6130 | D:6      | Reached skill level 6 in Fire Magic
  6216 | D:6      | Reached XP level 8. HP: 47/57 MP: 12/17
  6293 | D:6      | Noticed a hornet
  6301 | D:6      | Paralysed by a hornet for 1 turns
  6305 | D:6      | Killed a hornet
  6306 | D:6      | Reached skill level 4 in Spellcasting
  6306 | D:6      | Reached skill level 6 in Conjurations
  6306 | D:6      | Reached skill level 1 in Hexes
  6551 | D:6      | Found a staircase to the Ecumenical Temple.
  6664 | D:6      | Reached skill level 2 in Hexes
  6746 | D:6      | Reached skill level 7 in Fire Magic
  6919 | D:6      | You pick up a book of Minor Magic and begin reading...
  6919 | D:6      | You add the spells Magic Dart, Call Imp and Mephitic Cloud
                  | to your library.
  7097 | D:7      | Noticed Dowan
  7243 | D:7      | Killed Dowan
  7330 | D:7      | Noticed Duvessa
  7359 | D:7      | Killed Duvessa
  7360 | D:7      | Reached skill level 7 in Conjurations
  7360 | D:7      | Reached XP level 9. HP: 62/62 MP: 11/19
  8120 | D:7      | Found a runed translucent door.
  8120 | D:7      | Noticed magipi's ghost (novice GnBe)
  8238 | D:8      | HP: 15/62 [centaur/arrow (5)]
  8329 | D:8      | Reached skill level 3 in Hexes
  8577 | D:8      | Reached skill level 5 in Spellcasting
  8829 | D:8      | Reached skill level 8 in Fire Magic
  8878 | D:8      | Found Yxyaseoq's Distillery.
  8888 | D:8      | Bought a potion of lignification for 39 gold pieces
  8926 | D:8      | Found a runed translucent door.
  8926 | D:8      | Noticed QuickerDeath's ghost (novice HuHu)
  9078 | D:9      | Noticed Pikel
  9151 | D:9      | Noticed Erolcha
  9173 | D:9      | HP: 13/62 [something (38)]
  9175 | D:9      | Killed Erolcha
  9176 | D:9      | Reached skill level 8 in Conjurations
  9178 | D:9      | HP: 8/62 [centaur/arrow (5)]
  9306 | D:9      | Found a flagged portal.
  9327 | Bailey   | Entered a bailey
  9685 | Bailey   | HP: 14/62 [orc warrior/+0 war axe (7)]
  9767 | Bailey   | Noticed an orc sorcerer
  9797 | Bailey   | Killed an orc sorcerer
  9798 | Bailey   | Reached XP level 10. HP: 69/69 MP: 15/22
  9855 | Bailey   | magus.rc [v1.11.3]
 10004 | Bailey   | Reached skill level 9 in Fire Magic
 10108 | Bailey   | You pick up a book of Dangerous Friends and begin
                  | reading...
 10108 | Bailey   | You add the spells Summon Guardian Golem, Orb of
                  | Destruction and Spellforged Servitor to your library.
 10498 | Bailey   | Reached skill level 9 in Conjurations
 10567 | D:9      | Acquired a book of Annihilations
 10568 | D:9      | You pick up a book of Annihilations and begin reading...
 10568 | D:9      | You add the spells Chain Lightning, Fire Storm and Shatter
                  | to your library.
 10669 | D:9      | Found a staircase to the Orcish Mines.
 10740 | D:9      | Reached skill level 6 in Spellcasting
 11194 | D:9      | Paralysed by a hornet for 3 turns
 11202 | D:9      | HP: 12/69 [centaur/arrow (10)]
 11299 | D:9      | Noticed Harold
 11329 | D:9      | Killed Harold
 11330 | D:9      | HP: 25/103 [poisoned by Harold]
 11335 | D:9      | HP: 24/103 [poisoned by Harold]
 11347 | D:9      | HP: 9/69 [Pikel/+0 whip of freezing (11)]
 11348 | D:9      | HP: 4/69 [Pikel/+0 whip of freezing (1)]
 11349 | D:9      | HP: 1/69 [Pikel/+0 whip of freezing (4)]
 11349 | D:9      | Slain by Pikel

Vanquished Creatures
  Harold (D:9)
  Erolcha (D:9)
  An orc sorcerer (Bailey)
  A kobold demonologist (Bailey)
  2 hornets
  A wyvern (D:8)
  A steam dragon (D:6)
  2 wargs (D:9)
  Duvessa (D:7)
  A water moccasin (D:8)
  An acid dragon (D:8)
  2 ice beasts
  A sky beast (D:6)
  11 orc warriors
  A black bear (D:6)
  2 ogres (D:5)
  5 centaurs
  A phantom (D:5)
  2 gnoll sergeants (D:9)
  A kobold brigand (D:6)
  A bullfrog (D:8)
  A necrophage (D:6)
  4 scorpions
  Dowan (D:7)
  A wight (D:9)
  4 electric eels (Bailey)
  4 howler monkeys
  2 jellies
  3 hounds
  A gnoll bouda (D:7)
  6 orc priests
  A hell rat (Sewer)
  An iguana (D:6)
  5 orc wizards
  28 gnolls
  10 adders
  2 river rats (Sewer)
  A shadow imp (D:5)
  2 white imps
  2 ufetubi
  A worm (D:5)
  2 dart slugs
  30 orcs
  8 ball pythons
  7 endoplasms
  4 giant cockroaches
  16 goblins
  11 hobgoblins
  4 jackals (D:1)
  14 kobolds
  2 quokkas
  6 bats
  4 frilled lizards
  15 rats
243 creatures vanquished.

Vanquished Creatures (others)
  600 foxfires
  14 plants
614 creatures vanquished.

Grand Total: 857 creatures vanquished

Table legend:
 A = Non-vault XP
 B = Vault XP
 C = Vault XP percentage of total XP
 D = Non-vault monster count
 E = Vault monster count
 F = Vault count percentage of total count
                 A         B        C        D         E       F
            +---------+---------+-------+---------+---------+-------
      Total |    5483 |    4835 |  46.9 |     167 |      76 |  31.3
            +---------+---------+-------+---------+---------+-------
        D:1 |      24 |       0 |   0.0 |      14 |       0 |   0.0
        D:2 |      55 |       0 |   0.0 |      20 |       0 |   0.0
        D:3 |     275 |       9 |   3.2 |      24 |       8 |  25.0
        D:4 |     261 |       4 |   1.5 |      29 |       2 |   6.5
        D:5 |     702 |      10 |   1.4 |      11 |       4 |  26.7
        D:6 |    1369 |       0 |   0.0 |      17 |       0 |   0.0
        D:7 |     537 |     226 |  29.6 |      17 |       2 |  10.5
        D:8 |     912 |      52 |   5.4 |       9 |       4 |  30.8
        D:9 |    1348 |    2122 |  61.2 |      26 |      10 |  27.8
      Sewer |       0 |      69 | 100.0 |       0 |      10 | 100.0
     Bailey |       0 |    2343 | 100.0 |       0 |      36 | 100.0
            +---------+---------+-------+---------+---------+-------

Illustrated notes

Table legend:
 A = Kills in this place as a percentage of kills in entire the game.
 B = Kills by you in this place as a percentage of kills by you in the entire game.
 C = Kills by friends in this place as a percentage of kills by friends in the entire game.
 D = Other kills in this place as a percentage of other kills in the entire game.
 E = Experience gained in this place as a percentage of experience gained in the entire game.
 F = Experience gained in this place divided by the number of levels of this place that you have seen.
                   A       B       C       D       E      F
               +-------+-------+-------+-------+-------+----------------------
         Total | 100.0 | 100.0 |   N/A |   N/A | 100.0 | 938.0
       Dungeon |  81.1 |  81.1 |   N/A |   N/A |  76.6 | 878.4
         Sewer |   4.1 |   4.1 |   N/A |   N/A |   0.7 |  69.0
        Bailey |  14.8 |  14.8 |   N/A |   N/A |  22.7 | 2343.0
               +-------+-------+-------+-------+-------+----------------------

Table legend: (Time is in decaauts)
 A = Elapsed time spent in this place.
 B = Non-inter-level travel time spent in this place.
 C = Inter-level travel time spent in this place.
 D = Time resting spent in this place.
 E = Time spent auto-exploring this place.
 F = Levels seen in this place.
 G = Mean time per level.
                   A        B        C        D        E       F      G
               +--------+--------+--------+--------+--------+-----+--------+
         Total |  11388 |  11056 |    332 |    781 |   8493 |  11 | 1035.3 |
       Dungeon |   9988 |   9656 |    332 |    584 |   7655 |   9 | 1109.8 |
         Sewer |    147 |    147 |      0 |      0 |     98 |   1 |  147.0 |
        Bailey |   1251 |   1251 |      0 |    197 |    739 |   1 | 1251.0 |
               +--------+--------+--------+--------+--------+-----+--------+

Top non-repeatable levels by time:
     D:3: 1518 daAuts
     D:4: 1485 daAuts
     D:1: 1257 daAuts
  Bailey: 1251 daAuts
     D:7: 1013 daAuts
     D:6: 1012 daAuts
     D:9: 1008 daAuts
     D:5: 971 daAuts
     D:8: 892 daAuts
     D:2: 829 daAuts
   Sewer: 147 daAuts
